 Dungeon Crawl Stone Soup version 0.28-a0-1404-g4df0f3684d (webtiles) character file.

Game seed: 3709353045839571165

4200 rogsnak the Thaumaturge (level 10, -11/73 HPs)
             Began as a Djinni Hedge Wizard on Jan 5, 2022.
             Was a Follower of Makhleb.
             Mangled by an orc warlord (23 damage)
             ... in a bailey on Jan 6, 2022.
             The game lasted 00:27:59 (13553 turns).

rogsnak the Thaumaturge (Djinni Hedge Wizard)      Turns: 13553, Time: 00:28:00

Health: -11/73     AC:  5    Str:  8    XL:     10   Next: 54%
Gold:   372        EV: 15    Int: 19    God:    Makhleb [*.....] SH:  0 Dex: 14

rFire   + + .      SeeInvis .   k - +1 spear (venom)
rCold   x . .      Faith    .   (no shield)
rNeg    + . .      Spirit   .   b - +0 robe
rPois   ∞          Reflect  .   c - +0 hat
rElec   .          Harm     .   x - +2 ratskin cloak {*Rats rPois rN+ Str-1 Int-1 Dex+1}
rCorr   .          Rampage  .   (no gloves)
Will    +....                   (boots unavailable)
Stlth   ++........              (no amulet)
HPRegen 0.22/turn               (no ring)
MPRegen 0.00/turn               (no ring)

@: flying, studying Crossbows
A: sickness immunity, fire resistance 2, cold vulnerability 1, float, innate
caster, hp casting, extra vitality 1
a: Renounce Religion


You were in a bailey.
You worshipped Makhleb.
Makhleb was aware of your devotion.
You visited 2 branches of the dungeon, and saw 9 of its levels.
You also visited: Sewer and Bailey.

You collected 372 gold pieces.

Inventory:

Hand Weapons
 a - a +0 dagger
 i - a +0 dagger of pain
 k - a +1 spear of venom (weapon)
 r - a +2 dagger of speed
 u - a +3 mace of protection
Missiles
 f - 86 poisoned darts
 n - 3 silver javelins
Armour
 b - a +0 robe (worn)
 c - a +0 hat (worn)
 w - a +0 cloak
 x - the +2 ratskin cloak (worn) {*Rats rPois rN+ Str-1 Int-1 Dex+1}
   (You found it on level 5 of the Dungeon)

   When the wearer is hurt, rats may emerge from it to assist them.
   Str:       It affects your strength (-1).
   Int:       It affects your intelligence (-1).
   Dex:       It affects your dexterity (+1).
   rPois:     It protects you from poison.
   rN:        It protects you from negative energy.
Jewellery
 q - a ring of fire
 F - a ring of resist corrosion
Wands
 C - a wand of iceblast (8)
 I - a wand of charming (3)
Scrolls
 h - 6 scrolls of identify {unknown}
 j - a scroll of immolation {unknown}
 l - a scroll of holy word {unknown}
 m - a scroll of magic mapping {unknown}
 o - 2 scrolls of enchant armour {unknown}
 p - 2 scrolls of enchant weapon {unknown}
 v - 2 scrolls of amnesia {unknown}
 y - a scroll of fog {unknown}
 A - a scroll of noise {unknown}
 B - 3 scrolls of summoning {unknown}
 H - a scroll of silence {unknown}
Potions
 d - 3 potions of lignification {unknown}
 e - a potion of heal wounds {unknown}
 g - a potion of mutation {unknown}
 s - 2 potions of curing {unknown}
 t - 4 potions of invisibility {unknown}
 z - 2 potions of magic {unknown}
 D - a potion of berserk rage {unknown}
 E - 3 potions of attraction {unknown}
 G - a potion of brilliance {unknown}


   Skills:
 + Level 6.7 Fighting
 + Level 7.9 Dodging
 - Level 1.6 Stealth
 + Level 8.8 Spellcasting


You had 5 spell levels left.
You knew the following spells:

 Your Spells              Type           Power      Damage    Failure   Level
a - Magic Dart            Conj           100%       1d8       1%          1
b - Blink                 Tloc           82%        N/A       1%          2
c - Call Imp              Summ           41%        N/A       1%          2
d - Slow                  Hex            100%       N/A       1%          1
e - Conjure Flame         Conj/Fire      41%        6-21      1%          3
f - Mephitic Cloud        Conj/Pois/Air  41%        N/A       1%          3
g - Sting                 Tmut/Pois      100%       1d8       1%          1
h - Ensorcelled Hibernat  Hex/Ice        82%        N/A       1%          2
i - Corpse Rot            Necr/Air       82%        N/A       1%          2
j - Ice Form              Ice/Tmut       41%        N/A       2%          4
Your spell library was empty.

Dungeon Overview and Level Annotations

Branches:
Dungeon (8/15)             Temple (1/1) D:6           Sewer (visited)
 Bailey (1/1)
   Lair: D:8-11

Altars:
Cheibriados
Dithmenos
Gozag
Hepliaklqana
Kikubaaqudgha
Makhleb
Nemelex Xobeh
Okawaru
Qazlal
Ru
Sif Muna
Trog
Uskayaw
Vehumet
Wu Jian
Xom
Yredelemnul
Zin
The Shining One


Innate Abilities, Weirdness & Mutations

You are immune to sickness and miasma.
You are immune to poison.
Your flesh is very heat resistant. (rF++)
You are vulnerable to cold. (rC-)
You float through the air rather than walking.
You learn spells naturally, not from books.
Your magical power is your life essence.
You have superior vitality. (+4 MHP)


Message History

The orc warlord appears confused.
The orc warlord is engulfed in noxious fumes.
There is an open gate here.
The orc warlord is engulfed in noxious fumes.
You reach down and close the gate.
You start resting.
An orc warlord opens the gate.
It is wielding a +3 war axe and wearing a +0 chain mail of fire resistance.
The orc warlord roars a battlecry!
A goblin comes into view. It is wielding a +0 hand axe.
Aiming: Charm
Press: ? - help, Shift-Dir - straight line, f/p - orc warlord
Aim: an orc warlord, wielding a +3 war axe and wearing a +0 chain mail of fire resistance (chance to affect: 17%)
The orc warlord resists with almost no effort.
The goblin shouts!
You hear a shout!
Aiming: Charm
Press: ? - help, Shift-Dir - straight line, f/p - orc warlord
Aim: an orc warlord, wielding a +3 war axe and wearing a +0 chain mail of fire resistance (chance to affect: 17%)
The orc warlord resists with almost no effort.
That's the wrong kind of item! (Use * to select it.) Evoke which item? (* to show all) (? for menu, Esc to quit)
Okay, then.
Aiming: Charm
Press: ? - help, Shift-Dir - straight line, f/p - orc warlord
Aim: an orc warlord, wielding a +3 war axe and wearing a +0 chain mail of fire resistance (chance to affect: 17%)
The orc warlord resists with almost no effort.
An orc warrior comes into view. It is wielding a +0 hand axe.
Unknown command.
That's the wrong kind of item! (Use * to select it.) Evoke which item? (* to show all) (? for menu, Esc to quit)
Okay, then.
Aiming: Charm
Press: ? - help, Shift-Dir - straight line, f/p - orc warlord
Aim: an orc warlord, wielding a +3 war axe and wearing a +0 chain mail of fire resistance (chance to affect: 17%)
The orc warlord resists with almost no effort.
Unknown command.
Unknown command.
You hit the orc warlord but do no damage.
The orc warlord is poisoned.
The orc warlord hits you with a +3 war axe!!
You die...

#.. #.. ♣♣♣ ###.
♣.♣♣♣♣ ###.#'
♣....♣♣♣###.))).
♣♣♣......##...)...
♣.....)o.#..).....
♣........'........
♣@og∩.∩..'..).o)..
♣........'..).)...
♣♣.......#........
♣♣...)..##.......
♣.....♣♣♣###.....
♣♣.♣♣.♣ ###.#'
♣♣♣♣♣♣ ###.


You could see an orc warlord (very poisoned), an orc warrior (strong) and a
goblin.

Vanquished Creatures
  A hornet (D:5)
  2 wyverns (D:8)
  A steam dragon (D:8)
  3 water moccasins
  A black bear (D:4)
  A necrophage (D:7)
  6 orc warriors (Bailey)
  2 sky beasts (D:7)
  An ice beast (D:7)
  A centaur (D:5)
  An ogre (D:5)
  3 phantoms
  3 kobold brigands
  2 bullfrogs (D:7)
  A gnoll sergeant (D:7)
  A scorpion (D:5)
  A killer bee (D:5)
  A bullfrog zombie (D:5)
  3 hounds
  A jelly (D:4)
  A centaur skeleton (D:7)
  2 bullfrog skeletons
  Jessica (D:3)
  An iguana (D:6)
  3 hell rats (D:5)
  A killer bee zombie (D:7)
  A hound skeleton (D:4)
  A howler monkey zombie (D:6)
  A howler monkey skeleton (D:7)
  6 adders
  13 gnolls
  34 river rats
  A shadow imp (D:6)
  An adder skeleton (D:4)
  5 worms
  3 dart slugs
  10 orcs
  12 ball pythons
  3 giant cockroaches
  15 goblins
  7 hobgoblins
  2 jackals (Sewer)
  14 quokkas
  5 bats
  7 frilled lizards
  16 kobolds
  15 rats
217 creatures vanquished.

Vanquished Creatures (collateral kills)
  A sky beast (D:8)
  An ice beast (D:7)
  A bullfrog zombie (D:6)
  A hound (D:7)
  A gnoll (D:7)
  An adder (D:5)
  A river rat (D:6)
7 creatures vanquished.

Vanquished Creatures (others)
  6 fungi (D:5)
  11 plants (Sewer)
17 creatures vanquished.

Grand Total: 241 creatures vanquished

Notes
Turn   | Place    | Note
-------+----------+-------------------------------------------
     0 | D:1      | rogsnak the Djinni Hedge Wizard began the quest for the
                  | Orb.
     0 | D:1      | Reached XP level 1. HP: 15/15 MP: 0/0
   431 | D:1      | Reached XP level 2. HP: 18/21 MP: 0/0
   848 | D:2      | Reached skill level 3 in Spellcasting
  1039 | D:2      | Reached XP level 3. HP: 23/25 MP: 0/0
  1039 | D:2      | Learned a level 1 spell: Sting
  2065 | D:2      | Noticed a phantom
  3310 | D:3      | Reached XP level 4. HP: 31/31 MP: 0/0
  3745 | D:3      | Noticed Jessica
  3749 | D:3      | Killed Jessica
  4181 | D:4      | Reached XP level 5. HP: 24/35 MP: 0/0
  4181 | D:4      | Learned a level 2 spell: Ensorcelled Hibernation
  4402 | D:4      | Reached skill level 4 in Spellcasting
  4726 | D:4      | Noticed a black bear
  4741 | D:4      | Killed a black bear
  4742 | D:4      | Reached skill level 1 in Fighting
  4742 | D:4      | Reached XP level 6. HP: 8/42 MP: 0/0
  5457 | D:5      | Entered Level 5 of the Dungeon
  5641 | D:5      | Reached skill level 5 in Spellcasting
  5668 | D:5      | Noticed a water moccasin
  5676 | D:5      | HP: 2/42 [water moccasin (4)]
  5679 | D:5      | Killed a water moccasin
  5680 | D:5      | Reached XP level 7. HP: 3/48 MP: 0/0
  5680 | D:5      | Learned a level 2 spell: Corpse Rot
  5969 | D:5      | Noticed a water moccasin
  5980 | D:5      | Killed a water moccasin
  6003 | D:5      | Noticed a hornet
  6015 | D:5      | Killed a hornet
  6016 | D:5      | Reached skill level 6 in Spellcasting
  6016 | D:5      | Reached XP level 8. HP: 25/55 MP: 0/0
  6574 | D:5      | Found a stormy altar of Qazlal.
  7184 | D:5      | Reached skill level 5 in Dodging
  7260 | D:5      | Found the +2 ratskin cloak {*Rats rPois rN+ Str-1 Int-1
                  | Dex+1}
  7446 | D:5      | Reached skill level 7 in Spellcasting
  7699 | D:6      | Found a sacrificial altar of Ru.
  7708 | D:6      | Reached XP level 9. HP: 59/61 MP: 0/0
  7708 | D:6      | Learned a level 4 spell: Ice Form
  7810 | D:6      | Found a glowing drain.
  7863 | Sewer    | Entered a sewer
  9682 | D:6      | Found a staircase to the Ecumenical Temple.
  9696 | Temple   | Entered the Ecumenical Temple
  9755 | Temple   | Became a worshipper of Makhleb the Destroyer
 10244 | D:7      | Found a snail-covered altar of Cheibriados.
 10752 | D:7      | Reached skill level 5 in Fighting
 11635 | D:7      | Reached skill level 8 in Spellcasting
 11635 | D:7      | Reached XP level 10. HP: 49/71 MP: 0/0
 12577 | D:8      | Found a sparkling altar of Nemelex Xobeh.
 12663 | D:8      | Reached * piety under Makhleb
 12794 | D:8      | Found a flagged portal.
 12801 | Bailey   | Entered a bailey
 13468 | Bailey   | Noticed an orc warlord
 13553 | Bailey   | Mangled by an orc warlord

Illustrated notes

Levels and vault maps discovered:
D:1:      dpeg_arrival_pits, layout_basic, kennysheep_crisscross, moated_statue,
          minmay_misc_feat_hallway
D:2:      layout_basic, minivault_11, minmay_box_of_dots
D:3:      layout_rooms, mainiacjoe_overflow_cross_hatched, uniq_jessica
D:4:      layout_basic, serial_glass, glass_columns_a, glass_columns_b
D:5:      wander_guarded_unrand_ratskin, layout_loops_ring,
          mainiacjoe_overflow_boulevard, kennysheep_mini_moat, serial_aquarium,
          aquarium_bridge_square [aquarium_subvault_window,
          aquarium_subvault_bridge, aquarium_subvault_window,
          aquarium_subvault_bridge], aquarium_window_1, aquarium_window_fake,
          aquarium_window_1, aquarium_window_2, aquarium_view_2g,
          aquarium_balcony_double_4, minmay_manual_mess
D:6:      lemuel_ratsnest, layout_layer_cave, lemuel_coloured_pillars_altar,
          mainiacjoe_overflow_tiny_flanked, minmay_temple_entry_ruins,
          gup_sewer_entry_bowl, hangedman_abyss_or_decor_stagger
D:7:      layout_basic, slow_altar_1
D:8:      layout_basic, mainiacjoe_overflow_catwalk, enter_bailey_4,
          nrook_mini_vaults, kennysheep_decorative_pillar
Temple:   nicolae_temple_hex_pool
Bailey:   bailey_axe_minmay_hex_keep, bailey

Skill      XL: |  1  2  3  4  5  6  7  8  9 10 |
---------------+-------------------------------+-----
Spellcasting   | 3 4 5 6 7 8 |  8.8
Fighting       | 1 2 3 5 6 |  6.7
Dodging        | 3 4 5 7 |  7.9
Stealth        | |  1.6

Action                   |  1- 3 |  4- 6 |  7- 9 | 10-12 || total
-------------------------+-------+-------+-------+-------++-------
Melee: Spear             |     8 |    51 |   396 |   132 ||   587
       Dagger            |     4 |       |       |       ||     4
       Punch             |       |       |    11 |     2 ||    13
 Cast: Magic Dart        |    72 |    53 |   109 |    27 ||   261
       Sting             |    21 |    10 |       |    15 ||    46
       Call Imp          |     2 |       |     4 |     4 ||    10
       Conjure Flame     |       |     5 |    17 |       ||    22
       Mephitic Cloud    |       |     2 |    17 |    17 ||    36
       Corpse Rot        |       |       |     3 |     1 ||     4
       Ensorcelled Hiber |       |       |       |     2 ||     2
Evoke: Wand              |       |       |       |     4 ||     4
 Stab: Sleeping          |     1 |     2 |     6 |     2 ||    11
       Confused          |       |       |     4 |     8 ||    12
       Distracted        |       |       |     2 |       ||     2
Armor: Robe              |     2 |     8 |    80 |    16 ||   106
Dodge: Dodged            |    21 |    26 |   255 |    78 ||   380

Table legend: (Time is in decaauts)
 A = Elapsed time spent in this place.
 B = Non-inter-level travel time spent in this place.
 C = Inter-level travel time spent in this place.
 D = Time resting spent in this place.
 E = Time spent auto-exploring this place.
 F = Levels seen in this place.
 G = Mean time per level.
                   A        B        C        D        E       F      G
               +--------+--------+--------+--------+--------+-----+--------+
         Total |  13616 |  13472 |    144 |   4024 |   6792 |  11 | 1237.8 |
       Dungeon |  12094 |  11950 |    144 |   3557 |   6410 |   8 | 1511.8 |
        Temple |     78 |     78 |      0 |      0 |     45 |   1 |   78.0 |
         Sewer |    688 |    688 |      0 |      0 |    311 |   1 |  688.0 |
        Bailey |    755 |    755 |      0 |    467 |     26 |   1 |  755.0 |
               +--------+--------+--------+--------+--------+-----+--------+

Top non-repeatable levels by time:
     D:5: 2469 daAuts
     D:6: 2133 daAuts
     D:2: 1947 daAuts
     D:4: 1474 daAuts
     D:7: 1421 daAuts
     D:1: 1262 daAuts
     D:3: 781 daAuts
  Bailey: 755 daAuts
   Sewer: 688 daAuts
     D:8: 604 daAuts
  Temple: 78 daAuts
